 Dungeon Crawl Stone Soup version v1.0-4-gf91daec (webtiles) character file.

149 Chic the Changer (level 5, -1/33 HPs)
             Began as a Sludge Elf Transmuter on Feb 15, 2018.
             Slain by a phantom (7 damage)
             ... on level 2 of the Dungeon.
             The game lasted 00:04:27 (2286 turns).

Chic the Changer (Sludge Elf Transmuter)            Turns: 2286, Time: 00:04:28

Health: -1/33      AC:  3    Str: 11    XL:     5   Next: 31%
Magic:  9/9        EV: 13    Int: 15    God:
Gold:   86         SH:  0    Dex: 14    Spells: 7/8 levels left

rFire    . . .     SeeInvis .     - Unarmed
rCold    . . .     Gourm    .   (no shield)
rNeg     . . .     Faith    .   b - +0 robe
rPois    .         Spirit   .   (no helmet)
rElec    .         Reflect  .   (no cloak)
rCorr    +         Harm     .   i - +0 pair of gloves
MR       .....                  (no boots)
Stlth    +.........             (no amulet)
HPRegen  0.11/turn              m - ring of resist corrosion
MPRegen  0.11/turn              (no ring)

@: no status effects
A: no striking features
a: no special abilities


You were on level 2 of the Dungeon.
You were hungry.

You visited 1 branch of the dungeon, and saw 2 of its levels.

You collected 86 gold pieces.

Inventory:

Missiles
 a - 12 arrows
 l - 6 javelins (quivered)
Armour
 b - a +0 robe (worn)
 i - a +0 pair of gloves (worn)
Jewellery
 m - a ring of resist corrosion (left hand)
Scrolls
 e - a scroll of remove curse {unknown}
 g - 3 scrolls of teleportation {unknown}
 h - 5 scrolls of identify {unknown}
 k - a scroll of blinking {unknown}
 n - 2 scrolls of recharging {unknown}
Potions
 f - a potion of curing
 j - a potion of berserk rage
Books
 c - a book of Changes

   Spells                             Type                      Level
   a - Beastly Appendage              Transmutation                1
   b - Sticks to Snakes               Transmutation                2
   c - Spider Form                    Transmutation/Poison         3
   d - Ice Form                       Ice/Transmutation            4
   e - Blade Hands                    Transmutation                5
Comestibles
 d - 5 rations


   Skills:
 - Level 1.1 Fighting
 - Level 2.4 Dodging
 + Level 5.0 Unarmed Combat
 - Level 2.4 Spellcasting
 + Level 5.3 Transmutations


You had 7 spell levels left.
You knew the following spells:

 Your Spells              Type           Power        Failure   Level  Hunger
a - Beastly Appendage     Tmut           ###...       2%          1    #......


Dungeon Overview and Level Annotations

Branches:
Dungeon (2/15)

Altars:
Dithmenos
Makhleb
Ru


Message History

The phantom barely misses you.
You closely miss the phantom.
The phantom is almost destroyed.
The phantom barely misses you.
You closely miss the phantom.
The phantom is almost destroyed.
The phantom barely misses you.
You closely miss the phantom.
The phantom is almost destroyed.
The phantom hits you.
* * * CRAB GONE DIE * * *
You closely miss the phantom.
The phantom is almost destroyed.
The phantom blinks!
The phantom blinks!
You feel better.
You miss the phantom.
The phantom is almost destroyed.
The phantom hits you!
Your journey is over little crab

#.#####.#
..............
#.......#
#######..####.
###....##
#.... #.
#....#######
#.P..# #.
#..........#
##.P.# #.
#..........#
##.## #.
#..........#
##. #
#.#.†......#
#.
#.#...@....#
#.
#.#...W....#
#.
#.#........#
#. #........#
# ..........#
##
#..........#
#.
#..........#
#.
#..........#
#.
##....#.##.#
######.


You could see a phantom.

Vanquished Creatures
  Terence (D:2)
  An orc wizard (D:2)
  5 adders (D:2)
  A worm (D:2)
  3 dart slugs
  3 giant cockroaches
  6 hobgoblins
  7 jackals
  4 kobolds (D:1)
  2 ball pythons
  3 bats
  2 frilled lizards (D:1)
  4 goblins
  4 rats
46 creatures vanquished.

Vanquished Creatures (others)
  A bat (D:1)
1 creature vanquished.

Grand Total: 47 creatures vanquished

Notes
Turn   | Place    | Note
-------+----------+-------------------------------------------
     0 | D:1      | Chic the Sludge Elf Transmuter began the quest for the Orb.
     0 | D:1      | Reached XP level 1. HP: 13/13 MP: 4/4
   138 | D:1      | Reached XP level 2. HP: 15/18 MP: 6/6
   395 | D:1      | Reached XP level 3. HP: 14/23 MP: 7/7
  1341 | D:2      | Reached XP level 4. HP: 23/28 MP: 8/8
  1358 | D:2      | Found a shadowy altar of Dithmenos.
  1620 | D:2      | Noticed Terence
  1630 | D:2      | Killed Terence
  1740 | D:2      | Found a burning altar of Makhleb.
  1748 | D:2      | Reached skill level 5 in Transmutations
  1886 | D:2      | Found a sacrificial altar of Ru.
  1895 | D:2      | Reached XP level 5. HP: 26/33 MP: 9/9
  1910 | D:2      | Reached skill level 5 in Unarmed Combat
  2231 | D:2      | Noticed a phantom
  2278 | D:2      | HP: 1/33 [phantom (6)]
  2286 | D:2      | Slain by a phantom

Skill      XL: |  1  2  3  4  5 |
---------------+----------------+-----
Transmutations | 3 4 5 |  5.3
Unarmed Combat | 4 5 |  5.0
Fighting       | |  1.1
Dodging        | |  2.4
Spellcasting   | |  2.4

Action                   |  1- 3 |  4- 6 || total
-------------------------+-------+-------++-------
Melee: Unarmed           |   120 |    97 ||   217
       Punch             |     1 |     2 ||     3
       Kick              |     3 |     1 ||     4
       Headbutt          |       |     3 ||     3
 Cast: Beastly Appendage |     2 |     2 ||     4
  Use: Potion            |       |     6 ||     6
 Stab: Sleeping          |     2 |       ||     2
       Paralysed         |       |     1 ||     1
  Eat: Chunk             |     1 |     3 ||     4
Armor: Robe              |    20 |    21 ||    41
Dodge: Dodged            |    86 |    64 ||   150
